 Dungeon Crawl Stone Soup version 0.31.0-9-g3a7656b989 (webtiles) character file.

Game seed: 15313298654959029613

1250 qw the Skirmisher (level 8, -5/46 HPs)
             Began as a Deep Elf Hunter on Feb 2, 2024.
             Incinerated by a bombardier beetle (6 damage)
             ... with a burning spray
             ... on level 6 of the Dungeon.
             The game lasted 00:00:22 (4447 turns).

qw the Skirmisher (Deep Elf Hunter)                 Turns: 4447, Time: 00:00:23

Health: -5/46      AC:  9    Str: 16    XL:     8   Next: 26%
Magic:  10/10      EV: 12    Int: 15    God:
Gold:   184        SH:  0    Dex: 18    Spells: 7/7 levels left

rFire   . . .        b - +3 arbalest
rCold   . . .        (shield currently unavailable)
rNeg    . . .        a - +0 ring mail
rPois   .            f - +0 helmet
rElec   .            (no cloak)
rCorr   .            p - +2 pair of gloves
SInv    .            (no boots)
Will    .....        n - amulet of faith
Stlth   +            k - +6 ring of strength
HPRegen 0.27/turn    (no ring)
MPRegen 0.12/turn

%: faith
@: on fire, about to teleport, glowing
A: no striking features
a: no special abilities


You were on level 6 of the Dungeon.
You visited 1 branch of the dungeon, and saw 6 of its levels.

You collected 304 gold pieces.
You spent 120 gold pieces at shops.


   Skills:
 - Level 3.1 Fighting
 + Level 12.4 Ranged Weapons
 - Level 1.1 Armour
 - Level 4.2 Dodging
 - Level 1.2 Stealth


You had 7 spell levels left.
You didn't know any spells.
Your spell library was empty.

Inventory:

Hand Weapons
 b - a +3 arbalest (weapon)
Armour
 a - a +0 ring mail (worn)
 f - a +0 helmet (worn)
 p - a +2 pair of gloves (worn)
Jewellery
 h - an amulet of regeneration
 k - a +6 ring of strength (left hand)
 n - an amulet of faith (around neck)
 o - a +5 ring of evasion
Wands
 d - a wand of mindburst (18)
 r - a wand of flame (11)
Scrolls
 c - 2 scrolls of identify
Potions
 e - 3 potions of curing
 g - a potion of might
 i - a potion of mutation
 j - a potion of cancellation

Dungeon Overview and Level Annotations

Branches:
Dungeon (6/15)
 Temple: D:4-7

Altars:
Ashenzari
Cheibriados
Kikubaaqudgha

Shops:
D:3 *   D:6 =


Message History

You shoot a bolt. The bolt hits the bombardier beetle!
The bombardier beetle is heavily wounded.
The bombardier beetle sprays incendiary fluid at you.
The burning spray misses you.
You shoot a bolt.
The bolt barely misses the bombardier beetle.
You shoot a bolt. The bolt hits the bombardier beetle.
The bombardier beetle is almost dead.
The bombardier beetle sprays incendiary fluid at you.
The burning spray hits you.
You are covered in liquid fire!
You shoot a bolt. The bolt hits the bombardier beetle!
You kill the bombardier beetle!
The liquid fire burns you!
You are on fire!
The liquid fire burns you!
You are on fire!
The liquid fire burns you!
You are on fire!
The liquid fire burns you!
You are on fire!
The liquid fire burns you!
You are on fire!
The liquid fire burns you!
4444 ||| READING scroll of teleportation.
As you read the scroll of teleportation, it crumbles to dust.
You feel strangely unstable. The liquid fire burns you!
The gnoll bouda shouts!
You are on fire!
The liquid fire burns you!
You shoot a bolt. The gnoll shouts!
The bolt hits the gnoll bouda!
The gnoll bouda is heavily wounded.
The liquid fire burns you!
You shoot a bolt. The bolt barely misses the gnoll bouda.
The gnoll sergeant shouts!
The gnoll shouts!
The liquid fire burns you!
You die...

...gB8######.#.#
..gg.... #^#.#
....!8 #.#.#
..... #.#.# 8.8
#.#)# #g#####
#.#.# #.....#
#.#)#
#.###.....####
#.#
#.....@.......
...............
######.....####
#######


You could see a gnoll sergeant, a gnoll bouda and a gnoll.

Vanquished Creatures
  Eustachio (D:6)
  A water moccasin (D:5)
  A black bear (D:4)
  An ogre (D:6)
  3 scorpions (D:5)
  A gnoll sergeant (D:5)
  2 bombardier beetles
  A jelly (D:4)
  3 hounds
  An iguana (D:5)
  Natasha (thrice) (D:3)
  An orc wizard (D:6)
  11 gnolls
  7 adders
  A shadow imp (D:5)
  A white imp (D:5)
  2 ufetubi (D:6)
  A dart slug (D:1)
  2 ribbon worms
  8 orcs
  2 bats
  4 endoplasms (D:1)
  A giant cockroach (D:3)
  6 goblins
  10 hobgoblins
  10 jackals
  5 quokkas
  4 ball pythons
  2 frilled lizards (D:1)
  6 kobolds
  6 rats
108 creatures vanquished.

Notes
Turn   | Place    | Note
-------+----------+-------------------------------------------
     0 | D:1      | qw the Deep Elf Hunter began the quest for the Orb.
     0 | D:1      | Reached XP level 1. HP: 12/12 MP: 3/3
     0 | D:1      | 0 ||| qw: Version: 0.3-a-155-g5e7d8dd
     0 | D:1      | 0 ||| qw: Game counter: 1895
     0 | D:1      | 0 ||| qw: Melee chars always use a shield: true
     0 | D:1      | 0 ||| qw: God list: Okawaru
     0 | D:1      | 0 ||| qw: Allow faded altars: false
     0 | D:1      | 0 ||| qw: Do Orc after clearing Dungeon:15 true
     0 | D:1      | 0 ||| qw: Do second Lair branch before Depths: true
     0 | D:1      | 0 ||| qw: Lair rune preference: random
     0 | D:1      | 0 ||| qw: Goals: Normal
     0 | D:1      | 0 ||| PLANNING D:1-11
    49 | D:1      | 49 ||| DROPPING scroll of butterflies.
   149 | D:1      | 149 ||| SWAPPING to +0 arbalest.
   150 | D:1      | 150 ||| DROPPING +0 shortbow.
   306 | D:1      | Reached skill level 6 in Ranged Weapons
   306 | D:1      | Reached XP level 2. HP: 16/16 MP: 4/4
   900 | D:1      | 900 ||| UPGRADING to +0 ring mail.
   910 | D:1      | 910 ||| DROPPING +0 leather armour.
   911 | D:1      | 911 ||| UPGRADING to +0 pair of gloves.
   916 | D:1      | 916 ||| UPGRADING to +0 helmet.
   921 | D:1      | 921 ||| UPGRADING to amulet of regeneration.
   926 | D:1      | 926 ||| READING scroll labelled PEUFYD FUOVE.
   926 | D:1      | 926 ||| ENCHANTING +0 arbalest.
   927 | D:1      | 927 ||| READING 3 scrolls labelled KUGEMEFIMO.
   928 | D:1      | 928 ||| READING scroll labelled PEOSSA JODI.
   932 | D:1      | 932 ||| DRINKING 3 glowing cyan potions.
   933 | D:1      | 933 ||| DROPPING 2 scrolls of amnesia.
   961 | D:2      | 961 ||| STAIRDANCE
   968 | D:1      | Reached XP level 3. HP: 20/20 MP: 5/5
   977 | D:2      | 977 ||| STAIRDANCE
   982 | D:2      | 982 ||| STAIRDANCE
  1085 | D:2      | Reached skill level 7 in Ranged Weapons
  1747 | D:2      | Found a faded altar of an unknown god.
  1761 | D:2      | 1761 ||| READING scroll of enchant weapon.
  1761 | D:2      | 1761 ||| ENCHANTING +1 arbalest.
  1799 | D:2      | Reached XP level 4. HP: 25/25 MP: 6/6
  1900 | D:2      | 1900 ||| READING 2 scrolls labelled QILASE OGUZ.
  1900 | D:2      | 1900 ||| IDENTIFYING black potion
  1901 | D:2      | 1901 ||| READING scroll of identify.
  1901 | D:2      | 1901 ||| IDENTIFYING blue potion
  1902 | D:2      | 1902 ||| READING scroll labelled VEUZEI OF CIOHA.
  1903 | D:2      | 1903 ||| READING scroll labelled HAEGYX FISIGH.
  2048 | D:3      | Noticed Natasha
  2050 | D:3      | 2050 ||| FLEEEEING.
  2056 | D:3      | Killed Natasha
  2092 | D:3      | Noticed Natasha
  2093 | D:3      | Killed Natasha
  2094 | D:3      | Reached skill level 8 in Ranged Weapons
  2111 | D:3      | Noticed Natasha
  2113 | D:3      | Killed Natasha
  2114 | D:3      | Reached XP level 5. HP: 29/29 MP: 7/7
  2217 | D:3      | Found Deg Laov's General Store.
  2224 | D:3      | 2224 ||| SHOPLISTING +1 cloak (138 gold, have 123).
  2224 | D:3      | 2224 ||| BUYING potion of heal wounds (60 gold).
  2224 | D:3      | Bought a potion of heal wounds for 60 gold pieces
  2224 | D:3      | 2224 ||| BUYING scroll of identify (24 gold).
  2224 | D:3      | Bought a scroll of identify for 24 gold pieces
  2224 | D:3      | 2224 ||| BUYING scroll of teleportation (36 gold).
  2224 | D:3      | Bought a scroll of teleportation for 36 gold pieces
  2224 | D:3      | 2224 ||| SHOPLISTING wand of light (1) (50 gold, have 3).
  2224 | D:3      | 2224 ||| SHOPLISTING wand of light (3) (151 gold, have 3).
  2224 | D:3      | 2224 ||| SHOPLISTING wand of roots (9) (259 gold, have 3).
  2479 | D:3      | 2479 ||| UPGRADING to +2 pair of gloves.
  2489 | D:3      | 2489 ||| DROPPING +0 pair of gloves.
  2490 | D:3      | 2490 ||| UPGRADING to amulet of faith.
  2500 | D:3      | 2500 ||| UPGRADING to +6 ring of strength.
  2501 | D:3      | 2501 ||| READING 5 scrolls of identify.
  2501 | D:3      | 2501 ||| IDENTIFYING sedimented golden potion
  2502 | D:3      | 2502 ||| READING 4 scrolls of identify.
  2502 | D:3      | 2502 ||| IDENTIFYING 2 orange potions
  2503 | D:3      | 2503 ||| READING 3 scrolls of identify.
  2503 | D:3      | 2503 ||| IDENTIFYING scroll labelled NEAVUN ATAGER
  2504 | D:3      | 2504 ||| DROPPING scroll of vulnerability.
  2584 | D:4      | Noticed a black bear
  2585 | D:4      | 2585 ||| DRINKING 2 potions of haste.
  2589 | D:4      | Killed a black bear
  2590 | D:4      | Reached skill level 9 in Ranged Weapons
  2632 | D:4      | Found an ancient bone altar of Kikubaaqudgha.
  2647 | D:4      | 2647 ||| READING scroll of enchant weapon.
  2647 | D:4      | 2647 ||| ENCHANTING +2 arbalest.
  2668 | D:4      | Reached XP level 6. HP: 22/35 MP: 8/8
  2672 | D:4      | Reached skill level 3 in Dodging
  3056 | D:4      | 3056 ||| READING 3 scrolls of identify.
  3056 | D:4      | 3056 ||| IDENTIFYING silvery potion
  3057 | D:4      | 3057 ||| DROPPING potion of degeneration.
  3072 | D:5      | Entered Level 5 of the Dungeon
  3074 | D:5      | Reached skill level 1 in Armour
  3111 | D:5      | 3111 ||| FLEEEEING.
  3112 | D:5      | 3112 ||| FLEEEEING.
  3113 | D:5      | 3113 ||| FLEEEEING.
  3114 | D:5      | 3114 ||| FLEEEEING.
  3117 | D:5      | Reached skill level 10 in Ranged Weapons
  3204 | D:5      | Found a snail-covered altar of Cheibriados.
  3270 | D:5      | Reached XP level 7. HP: 40/40 MP: 9/9
  3493 | D:5      | Reached skill level 11 in Ranged Weapons
  3802 | D:5      | 3802 ||| RETREEEEATING.
  3803 | D:5      | 3803 ||| RETREEEEATING.
  3804 | D:5      | 3804 ||| RETREEEEATING.
  3805 | D:5      | 3805 ||| RETREEEEATING.
  3806 | D:5      | 3806 ||| RETREEEEATING.
  3807 | D:5      | 3807 ||| RETREEEEATING.
  4025 | D:5      | 4025 ||| DROPPING ring of wizardry.
  4026 | D:5      | 4026 ||| READING 4 scrolls of identify.
  4026 | D:5      | 4026 ||| IDENTIFYING glowing brown potion
  4027 | D:5      | 4027 ||| READING 3 scrolls of identify.
  4027 | D:5      | 4027 ||| IDENTIFYING dark potion
  4028 | D:5      | 4028 ||| DROPPING potion of lignification.
  4029 | D:5      | 4029 ||| DROPPING potion of attraction.
  4085 | D:6      | HP: 7/40 [gnoll/+0 flail[a gnoll bouda] (7)]
  4086 | D:6      | 4086 ||| READING 3 scrolls of teleportation.
  4087 | D:6      | 4087 ||| DRINKING potion of heal wounds.
  4178 | D:6      | Noticed Eustachio
  4179 | D:6      | 4179 ||| DRINKING potion of haste.
  4184 | D:6      | Killed Eustachio
  4185 | D:6      | Reached skill level 12 in Ranged Weapons
  4185 | D:6      | Reached XP level 8. HP: 44/44 MP: 10/10
  4226 | D:6      | Found a broken altar of Ashenzari.
  4335 | D:6      | Found Diriryod's Jewellery Emporium.
  4340 | D:6      | 4340 ||| SHOPLISTING +6 ring of dexterity (432 gold, have
                  | 184).
  4340 | D:6      | 4340 ||| SHOPLISTING amulet "Xettesom" {Faith rElec rF+
                  | Dex-5 SInv} (656 gold, have 184).
  4392 | D:6      | HP: 11/45 [gnoll sergeant/+0 spear (6)]
  4393 | D:6      | 4393 ||| READING 2 scrolls of teleportation.
  4394 | D:6      | 4394 ||| DRINKING potion of heal wounds.
  4398 | D:6      | Reached skill level 3 in Fighting
  4442 | D:6      | HP: 11/46 [burnt (4)]
  4444 | D:6      | 4444 ||| READING scroll of teleportation.
  4444 | D:6      | HP: 5/46 [burnt (3)]
  4446 | D:6      | HP: 1/46 [burnt (2)]
  4447 | D:6      | Incinerated by a bombardier beetle

Levels and vault maps discovered:
D:1:      dpeg_arrival_rooms_with_view, layout_rooms, serial_co_window_serial,
          co_window_paths_a, co_window_paths_a, co_window_paths_a,
          co_window_corner_a, co_window_corner_a, co_window_of_opportunity_a,
          co_window_cross_1, co_window_corner_b, co_window_broadway_a,
          co_window_broadway_b, co_window_of_opportunity_b,
          co_window_broadway_b, co_window_unsneaky_path_a, st_stairs_13
D:2:      minmay_inner_zag, layout_loops_corners,
          hellmonk_ecumenical_altar_dog_temple, grunt_decor_fettered,
          minmay_tromino_v4_c
D:3:      layout_basic, serial_shops, nicolae_shop_competitors_out_of_business,
          uniq_natasha
D:4:      layout_rooms, mainiacjoe_overflow_surrounded_room, minmay_circle_x
D:5:      layout_cave_pods, mainiacjoe_overflow_alcove_1
D:6:      layout_loops_ring, ashenzari_altar_1,
          nicolae_hepliaklqana_hippocampus, minmay_temple_entry_poolview,
          serial_shops, shop, minmay_misc_feat_hallway, serial_bayou_pond_d,
          dk_noncrumbling_4, uniq_eustachio

Skill      XL: |  1  2  3  4  5  6  7  8 |
---------------+-------------------------+-----
Ranged Weapons | 6 7 8 9 10 12 | 12.4
Fighting       | 2 3 |  3.1
Dodging        | 3 4 |  4.2
Armour         | 1 |  1.1
Stealth        | |  1.2

Action                     |  1- 3 |  4- 6 |  7- 9 || total
---------------------------+-------+-------+-------++-------
   Fire: Arbalest          |    82 |    78 |    85 ||   245
         Shortbow          |     7 |       |       ||     7
    Use: Scroll            |     4 |     9 |     5 ||    18
         Potion            |     1 |     1 |     3 ||     5
 Armour: Leather armour    |    11 |       |       ||    11
         Ring mail         |    31 |    38 |    71 ||   140
  Dodge: Dodged            |    42 |    42 |    73 ||   157

Table legend:
 A = Non-vault XP
 B = Vault XP
 C = Vault XP percentage of total XP
 D = Non-vault monster count
 E = Vault monster count
 F = Vault count percentage of total count
                 A         B        C        D         E       F
            +---------+---------+-------+---------+---------+-------
      Total |    1426 |     361 |  20.2 |      85 |      23 |  21.3
            +---------+---------+-------+---------+---------+-------
        D:1 |      31 |      16 |  34.0 |      19 |       7 |  26.9
        D:2 |      37 |      13 |  26.0 |       8 |       7 |  46.7
        D:3 |      75 |      35 |  31.8 |       5 |       1 |  16.7
        D:4 |     181 |     100 |  35.6 |      17 |       7 |  29.2
        D:5 |     782 |       0 |   0.0 |      21 |       0 |   0.0
        D:6 |     320 |     197 |  38.1 |      15 |       1 |   6.2
            +---------+---------+-------+---------+---------+-------
